AoeStats
← PLURbro

MegaRandom

503189151Analyzed
1v1 RM · 3mo ago on Aug 30, 2026· 32m 51s· 2 players
Game mode
Random Map
Map size
Tiny (2 player)
Population
200
Speed
Normal
Resources
Standard
Victory
Conquest
Starting age
Dark Age
Ending age
Imperial Age
RankedLock teamsTeams togetherTeam positionsShared explorationLock speedFull tech treeHidden civsTurbo modeCheats
Victory
Defeat
🇺🇸 Bohemians · United States
1084
+14
vs
🇬🇧 Cumans · United Kingdom
1037
-14
PLURbro
0:29 Loom
10:55 Feudal Age
10:57 Man-at-Arms
11:23 Arson
12:45 Town Watch
16:46 Wheelbarrow
18:50 Castle Age
18:22 Scale Mail Armor
18:33 Forging
18:28 Scale Barding Armor
18:19 Double-Bit Axe
19:25 Long Swordsman
20:09 Squires
27:46 Hand Cart
32:45 Imperial Age
Teh DanK Night
5:15 Loom
10:34 Feudal Age
15:12 Castle Age
13:25 Town Watch
14:15 Wheelbarrow
14:27 Horse Collar
16:24 Crossbowman
21:32 Gold Mining
27:33 Murder Holes
32:03 Masonry
32:15 Capped Ram
Connection lost

Rejoining the realm…

Still unreachable

The connection could not be restored.

Session expired

The server has moved on; the page needs a fresh start.